 Dungeon Crawl Stone Soup version 0.29.1-13-g9f3cf754e1 (webtiles) character file.

Game seed: 798042082559742435

201 tizbic2 the Trooper (level 5, -4/54 HPs)
             Began as an Ogre Gladiator on Feb 7, 2023.
             Splashed by a jelly's acid (11 damage)
             ... on level 4 of the Dungeon.
             The game lasted 00:17:08 (4260 turns).

tizbic2 the Trooper (Ogre Gladiator)                Turns: 4260, Time: 00:17:09

Health: -4/54      AC:  4    Str: 18    XL:     5   Next: 79%
Magic:  7/7        EV: 10    Int: 11    God:
Gold:   173        SH:  0    Dex: 10    Spells: 5/7 levels left

rFire   . . .      SeeInvis .     - Unarmed
rCold   . . .      Faith    .   (no shield)
rNeg    . . .      Spirit   .   p - +0 robe
rPois   .          Reflect  .   b - +1 hat
rElec   .          Harm     .   (no cloak)
rCorr   .          Rampage  .   (gloves unavailable)
Will    .....                   (boots unavailable)
Stlth   +.........              (no amulet)
HPRegen 0.18/turn               (no ring)
MPRegen 0.10/turn               (no ring)

@: no status effects
A: large, unfitting armour, tough skin 1
a: no special abilities


You were on level 4 of the Dungeon.
You visited 1 branch of the dungeon, and saw 4 of its levels.

You collected 173 gold pieces.

Inventory:

Hand Weapons
 m - a +1 sling of flaming
 s - a +0 arbalest
Missiles
 a - 14 stones
 c - 2 throwing nets (quivered)
 d - a large rock
 k - 2 poisoned darts
Armour
 b - a +1 hat (worn)
 p - a +0 robe (worn)
Scrolls
 e - 2 scrolls of teleportation
Potions
 f - a potion of resistance {unknown}
 g - a potion of haste
 h - a potion of heal wounds {unknown}
 i - 2 potions of curing {unknown}
 o - a potion of berserk rage {unknown}
 r - a potion of mutation {unknown}


   Skills:
 + Level 4.1 Fighting
 * Level 0.6 Ranged Weapons
 - Level 2.0 Throwing
 - Level 2.9 Dodging
 + Level 4.0 Unarmed Combat
 - Level 1.5 Spellcasting
 - Level 0.9 Hexes
 - Level 1.3 Translocations
 - Level 0.7 Air Magic


You had 5 spell levels left.
You knew the following spells:

 Your Spells              Type           Power      Damage    Failure   Level
a - Ensorcelled Hibernat  Hex/Ice        2%         N/A       36%         2

Your spell library contained the following spells:

 Spells                   Type           Power      Damage    Failure   Level
 Blink                    Tloc           6%         N/A       26%         2
 Sandblast                Erth           0%         2d4       30%         1
 Passwall                 Tmut/Erth      0%         N/A       43%         2
 Swiftness                Air            2%         N/A       56%         3
 Spider Form              Tmut/Pois      0%         N/A       67%         3
 Stone Arrow              Conj/Erth      0%         3d7       67%         3
 Anguish                  Hex/Necr       0%         N/A       94%         4
 Manifold Assault         Tloc           3%         N/A       99%         5
 Storm Form               Tmut/Air       0%         N/A       100%        7


Dungeon Overview and Level Annotations

Branches:
Dungeon (4/15)
 Temple: D:4-7

Altars:
Fedhas
Nemelex Xobeh

Annotations:
D:4 Grinder


Innate Abilities, Weirdness & Mutations

You are too large for most types of armour.
You have tough skin. (AC +1)


Message History

You hit Grinder.
Grinder is lightly wounded.
Grinder hits you but does no damage. The orc barely misses you.
You hit Grinder.
Grinder is moderately wounded.
Grinder says, "Don't move a muscle."
Grinder hits you.
The orc wizard hits you with a +0 dagger.
The orc hits you but does no damage.
As you read the scroll of teleportation, it crumbles to dust.
You feel strangely unstable. Grinder barely misses you.
The orc wizard hits you with a +0 dagger.
The orc hits you with a +0 whip.
You hit Grinder.
Grinder is moderately wounded.
Grinder barely misses you. The orc wizard closely misses you.
The orc closely misses you.
You barely miss Grinder.
Grinder is moderately wounded.
Grinder completely misses you. The orc hits you but does no damage.
The orc wizard barely misses you.
You hit Grinder but do no damage.
Grinder is moderately wounded.
The orc wizard hits you with a +0 dagger.
The orc hits you but does no damage. Grinder hits you.
* * * LOW HITPOINT WARNING * * *
You hit Grinder but do no damage.
Grinder is moderately wounded.
Your surroundings suddenly seem different.
A jelly, a kobold and a worm come into view.
The kobold shouts!
The jelly quivers.
The worm bites you!
* * * LOW HITPOINT WARNING * * *
The kobold throws a stone.
The stone completely misses you. The jelly closely misses you.
The jelly hits you.
* * * LOW HITPOINT WARNING * * *
You are splashed with acid!
You die...

##.##..#
#...#..# #
##.⌠....# #
#....##.#
###...## ##
.#....#
.....##
###########
.⌠.<.#
#.........####
.....#
#...K.@.......
.#....#
#...wJ....####
###...#
#.........# #
#....#
#.######### #
##.⌠.....
...#.. +##. .


You could see a worm, a jelly and a kobold.

Vanquished Creatures
  A hound (D:4)
  An iguana (D:3)
  Robin (D:2)
  A gnoll (D:2)
  2 adders
  2 worms
  2 dart slugs
  4 bats
  8 endoplasms
  4 giant cockroaches
  20 goblins
  8 hobgoblins
  7 jackals
  2 quokkas
  5 ball pythons
  7 frilled lizards
  10 kobolds
  8 rats
93 creatures vanquished.

Notes
Turn   | Place    | Note
-------+----------+-------------------------------------------
     0 | D:1      | tizbic2 the Ogre Gladiator began the quest for the Orb.
     0 | D:1      | Reached XP level 1. HP: 22/22 MP: 1/1
   202 | D:1      | Reached XP level 2. HP: 19/29 MP: 2/2
   432 | D:1      | Found a faded altar of an unknown god.
   721 | D:1      | Reached XP level 3. HP: 37/37 MP: 3/3
   743 | D:1      | Learned a level 2 spell: Ensorcelled Hibernation
  1491 | D:2      | Reached skill level 1 in Spellcasting
  1533 | D:2      | Reached XP level 4. HP: 45/45 MP: 5/5
  2288 | D:2      | Noticed Robin
  2310 | D:2      | Killed Robin
  2610 | D:3      | Reached skill level 1 in Translocations
  2619 | D:3      | Found a blossoming altar of Fedhas.
  2659 | D:3      | Reached XP level 5. HP: 54/54 MP: 6/6
  3716 | D:4      | Noticed Grinder
  4073 | D:4      | Found a sparkling altar of Nemelex Xobeh.
  4244 | D:4      | Paralysed by Grinder for 4 turns
  4260 | D:4      | Splashed by a jelly's acid

Illustrated notes

Levels and vault maps discovered:
D:1:      lightli_arrival_flooded_house, layout_basic,
          hellmonk_ecumenical_altar_inner_sanctum
D:2:      layout_basic, minmay_pentomino_z2, uniq_robin
D:3:      layout_basic, fedhas_altar_3
D:4:      layout_rooms, mainiacjoe_overflow_alcove_4,
          lemuel_zombie_altar_yredelemnul,
          nicolae_gozag_cash_rules_everything_around_me, grunt_ministairs_13,
          minmay_liquid_box, roderic_roman_lattice, uniq_grinder,
          uniq_crazy_yiuf_cottage

Skill      XL: |  1  2  3  4  5 |
---------------+----------------+-----
Fighting       | 3 4 |  4.1
Unarmed Combat | 3 4 |  4.0
Spellcasting   | 1 |  1.5
Translocations | 1 |  1.3
Ranged Weapons | |  0.6
Throwing       | |  2.0
Dodging        | |  2.9
Hexes          | |  0.9
Air Magic      | |  0.7

Action                   |  1- 3 |  4- 6 || total
-------------------------+-------+-------++-------
Melee: Unarmed           |   150 |   170 ||   320
       Punch             |     4 |     6 ||    10
 Fire: Sling             |       |    54 ||    54
       Arbalest          |       |    19 ||    19
Throw: Stone             |     3 |     2 ||     5
       Throwing net      |     1 |       ||     1
 Cast: Ensorcelled Hiber |       |     2 ||     2
  Use: Scroll            |     3 |     8 ||    11
       Potion            |     1 |     2 ||     3
 Stab: Sleeping          |     1 |     1 ||     2
Armor: Robe              |    41 |    77 ||   118
       Animal skin       |       |    11 ||    11
Dodge: Dodged            |    65 |   135 ||   200
